 Dungeon Crawl Stone Soup version 0.30.0-18-gc0e69614cb (webtiles) character file.

Game seed: 4940138469191442337

1395 monsoonserge the Thaumaturge (level 8, -3/59 HPs)
             Began as a Gnoll Wanderer on May 25, 2023.
             Was an Initiate of Vehumet.
             Slain by an iguana (9 damage)
             ... on level 6 of the Dungeon.
             The game lasted 00:24:46 (4894 turns).

monsoonserge the Thaumaturge (Gnoll Wanderer)       Turns: 4894, Time: 00:24:46

Health: -3/59      AC:  6    Str: 17    XL:     8   Next: 68%
Magic:  10/23      EV: 12    Int: 13    God:    Vehumet [......]
Gold:   339        SH:  5    Dex: 13    Spells: 21/30 levels left

rFire   . . .        a - +0 arbalest
rCold   . . .        (shield currently unavailable)
rNeg    . . .        j - +0 leather armour
rPois   .            A - +2 hat
rElec   .            C - +0 cloak
rCorr   .            (no gloves)
SInv    .            (no boots)
Will    .....        s - amulet of reflection
Stlth   ++           K - +6 ring of strength
HPRegen 0.29/turn    (no ring)
MPRegen 0.18/turn

%: reflection
@: no status effects
A: fangs 1, strong nose, distributed training, sense surroundings 1
a: Renounce Religion


You were on level 6 of the Dungeon.
You worshipped Vehumet.
Vehumet was noncommittal.
You visited 2 branches of the dungeon, and saw 7 of its levels.

You collected 339 gold pieces.

Inventory:

Hand Weapons
 a - a +0 arbalest (weapon)
 b - a +0 war axe
 p - a +0 sling
 E - a +0 shortbow
 L - a +0 long sword
 M - a +1 dagger of venom
 O - the +5 halberd of Wondrous Power {antimagic, rC+}
   (You found it on level 6 of the Dungeon)

   rC:        It protects you from cold.
 S - a +2 dagger of venom
Missiles
 g - 5 poisoned darts
 n - 3 boomerangs of dispersal
 F - 6 boomerangs
 H - a curare-tipped dart
 I - 3 javelins
Armour
 j - a +0 leather armour (worn)
 r - a +2 chain mail of willpower
 t - a +0 ring mail
 z - a +0 chain mail
 A - a +2 hat (worn)
 C - a +0 cloak (worn)
 R - a +0 tower shield
Magical Staves
 y - a staff of fire
Jewellery
 s - an amulet of reflection (around neck)
 K - a +6 ring of strength (left hand)
Wands
 e - a wand of polymorph (14)
 o - a wand of roots (17)
Scrolls
 c - a scroll of vulnerability
 d - a scroll of noise {unknown}
 f - a scroll of amnesia {unknown}
 h - 4 scrolls of blinking {unknown}
 i - 9 scrolls of identify {unknown}
 u - a scroll of poison {unknown}
 v - a scroll of enchant weapon {unknown}
 w - 3 scrolls of teleportation {unknown}
 B - 2 scrolls of immolation {unknown}
 D - a scroll of magic mapping {unknown}
 Q - a scroll of brand weapon {unknown}
Potions
 k - a potion of cancellation {unknown}
 l - a potion of lignification
 m - 2 potions of attraction {unknown}
 q - a potion of haste
 x - 2 potions of magic {unknown}
 G - a potion of heal wounds {unknown}
 J - 2 potions of invisibility {unknown}
 N - a potion of brilliance {unknown}
 P - 2 potions of might {unknown}


   Skills:
 + Level 3.6 Fighting
 + Level 3.6 Short Blades
 + Level 3.6 Long Blades
 + Level 3.6 Axes
 + Level 3.6 Maces & Flails
 + Level 3.6 Polearms
 + Level 3.6 Staves
 + Level 5.9 Ranged Weapons
 + Level 3.6 Throwing
 + Level 3.6 Armour
 + Level 3.6 Dodging
 + Level 3.6 Stealth
 + Level 3.6 Shields
 + Level 3.6 Unarmed Combat
 + Level 11.9 Spellcasting
 + Level 3.0 Conjurations
 + Level 3.0 Hexes
 + Level 3.0 Summonings
 + Level 3.0 Necromancy
 + Level 3.0 Translocations
 + Level 3.0 Transmutations
 + Level 3.0 Fire Magic
 + Level 3.0 Ice Magic
 + Level 3.0 Air Magic
 + Level 3.0 Earth Magic
 + Level 3.0 Poison Magic
 + Level 4.0 Invocations
 + Level 5.9 Evocations


You had 21 spell levels left.
You knew the following spells:

 Your Spells              Type           Power      Damage    Failure   Level
a - Freeze                Ice            60%        1d7       3%          1
b - Shock                 Conj/Air       60%        1d6       3%          1
c - Blink                 Tloc           30%        N/A       4%          2
d - Static Discharge      Conj/Air       30%        2-4/arc   4%          2
e - Tukima's Dance        Hex            15%        N/A       10%         3

Your spell library contained the following spells:

 Spells                   Type           Power      Damage    Failure   Level
 Apportation              Tloc           30%        N/A       3%          1
 Magic Dart               Conj           60%        1d6       3%          1
 Searing Ray              Conj           30%        2d5       4%          2
 Sublimation of Blood     Necr           15%        N/A       4%          2
 Fulminant Prism          Conj/Hex       7%         3d7       32%         4
 Leda's Liquefaction      Hex/Erth       7%         N/A       32%         4
 Passage of Golubria      Tloc           15%        N/A       32%         4
 Petrify                  Tmut/Erth      15%        N/A       32%         4
 Alistair's Intoxication  Tmut/Pois      10%        N/A       65%         5
 Irradiate                Conj/Tmut      7%         3d14      65%         5
 Lee's Rapid Deconstruct  Erth           7%         3d7*      65%         5
 Yara's Violent Unravell  Hex/Tmut       7%         3d5       65%         5
 Statue Form              Tmut/Erth      10%        N/A       99%         6


Dungeon Overview and Level Annotations

Branches:
Dungeon (6/15)             Temple (1/1) D:5

Altars:
Ashenzari
Cheibriados
Dithmenos
Elyvilon
Fedhas
Gozag
Hepliaklqana
Kikubaaqudgha
Makhleb
Nemelex Xobeh
Okawaru
Qazlal
Ru
Trog
Uskayaw
Vehumet
Wu Jian
Xom
Yredelemnul
Zin
The Shining One

Shops:
D:1 (   D:2 [   D:5 (


Innate Abilities, Weirdness & Mutations

You have very sharp teeth.
Your uncanny sense of smell can sniff out nearby items.
Your experience applies equally to all skills.
You passively map a small area around you.


Message History

The iguana barely misses you. You block the gnoll's attack.
Unknown command.
Casting: Shock (safe; 3% risk of failure)
Confirm with . or Enter, or press ? or * to list all spells.
Aiming: Shock (safe; 3% risk of failure)
Press: ? - help, Shift-Dir - straight line, f/p - gnoll sergeant
Aim: a gnoll sergeant, wielding a +0 spear and wearing a +0 scale mail (severely wounded, 79% to hit)
The zap hits the iguana.
The iguana is severely wounded.
The zap hits the gnoll.
You kill the gnoll!
Vehumet accepts your kill.
The zap hits the gnoll sergeant.
The gnoll sergeant is almost dead.
The iguana bites you.
* * * LOW HITPOINT WARNING * * *
Casting: Shock (safe; 3% risk of failure)
Confirm with . or Enter, or press ? or * to list all spells.
Aiming: Shock (safe; 3% risk of failure)
Press: ? - help, Shift-Dir - straight line, f/p - gnoll sergeant
Aim: a gnoll sergeant, wielding a +0 spear and wearing a +0 scale mail (almost dead, 79% to hit)
The zap misses the iguana.
The zap hits the gnoll.
You kill the gnoll!
Vehumet accepts your kill.
The zap hits the gnoll sergeant.
The gnoll sergeant is almost dead.
The iguana bites you.
* * * LOW HITPOINT WARNING * * *
Unknown command.
Casting: Shock (safe; 3% risk of failure)
Confirm with . or Enter, or press ? or * to list all spells.
Aiming: Shock (safe; 3% risk of failure)
Press: ? - help, Shift-Dir - straight line, f/p - gnoll sergeant
Aim: a gnoll sergeant, wielding a +0 spear and wearing a +0 scale mail (almost dead, 79% to hit)
The zap hits the iguana.
The iguana is severely wounded.
The zap hits the gnoll sergeant.
The gnoll sergeant is almost dead.
The iguana bites you!
You die...

.............# #.#.#* *
############.# ##.#.# * ###
#.###....#
##.########.##..#..#
##.#.##.(....†..###.# *
#.#.#.######.##..#..#
.#.#.#.##...........#
#.###.#.####<##.###.######*
##
.##.##.#.###.##.@lg......#*,
.#
##.#.##.#.##.######....#.#
**.# #.#.#.##.#.### ####.#.#
*.# .#.#.#.##.#.## #.#g#
##.## #..##.#.##.#.##
#.#.###...##
.#..##.#.##.#.##
#.#.g.g.....
#.#..##.#.##.#.##
#.#####g..##
##.(#.##.#.##...# #.. ...##
.##..#.##.#.##..# ### ##...g


You could see a gnoll sergeant and an iguana.

Vanquished Creatures
  Grinder (D:3)
  An ice beast (D:5)
  A centaur (D:6)
  2 bullfrogs (D:6)
  A kobold brigand (D:5)
  2 scorpions
  A howler monkey (D:6)
  6 hounds
  2 orc priests (D:4)
  2 sleepcaps
  Jessica (D:2)
  3 iguanas
  Ijyb (D:3)
  2 orc wizards
  A mummy (D:5)
  5 adders
  4 gnolls (D:6)
  A shadow imp (D:5)
  3 ufetubi
  A worm (D:4)
  2 dart slugs (D:2)
  8 orcs
  8 endoplasms
  2 giant cockroaches
  5 goblins
  4 hobgoblins
  3 jackals (D:3)
  7 kobolds
  2 quokkas (D:5)
  7 ball pythons
  7 bats
  5 frilled lizards
  A kobold zombie (D:5)
  3 orc zombies (D:5)
  3 rats
108 creatures vanquished.

Notes
Turn   | Place    | Note
-------+----------+-------------------------------------------
     0 | D:1      | Reached skill level 11 in Spellcasting
     0 | D:1      | monsoonserge the Gnoll Wanderer began the quest for the
                  | Orb.
     0 | D:1      | monsoonserge set off with the following items: a +0 sling,
                  | a wand of polymorph (7), a scroll of vulnerability, a +0
                  | robe; and the following spells available to memorise:
                  | Freeze, Shock, Blink, Static Discharge.
     0 | D:1      | Reached XP level 1. HP: 13/13 MP: 12/12
     2 | D:1      | Learned a level 1 spell: Shock
     5 | D:1      | Learned a level 1 spell: Freeze
   122 | D:1      | Found Baoh's Antique Weapon Emporium.
   124 | D:1      | Reached XP level 2. HP: 19/19 MP: 14/14
   522 | D:1      | Found a faded altar of an unknown god.
   973 | D:2      | Reached XP level 3. HP: 25/25 MP: 15/15
   976 | D:2      | Learned a level 2 spell: Blink
   992 | D:2      | Learned a level 2 spell: Static Discharge
  1019 | D:2      | Noticed Jessica
  1027 | D:2      | Killed Jessica
  1028 | D:2      | Reached skill level 1 in Fighting
  1028 | D:2      | Reached skill level 1 in Short Blades
  1028 | D:2      | Reached skill level 1 in Long Blades
  1028 | D:2      | Reached skill level 1 in Axes
  1028 | D:2      | Reached skill level 1 in Maces & Flails
  1028 | D:2      | Reached skill level 1 in Polearms
  1028 | D:2      | Reached skill level 1 in Staves
  1028 | D:2      | Reached skill level 1 in Throwing
  1028 | D:2      | Reached skill level 1 in Armour
  1028 | D:2      | Reached skill level 1 in Dodging
  1028 | D:2      | Reached skill level 1 in Stealth
  1028 | D:2      | Reached skill level 1 in Shields
  1028 | D:2      | Reached skill level 1 in Unarmed Combat
  1028 | D:2      | Reached skill level 1 in Invocations
  1330 | D:2      | Reached XP level 4. HP: 32/32 MP: 11/17
  1583 | D:2      | Found Saopsebb's Armour Emporium.
  1626 | D:2      | Reached skill level 1 in Conjurations
  1626 | D:2      | Reached skill level 1 in Hexes
  1626 | D:2      | Reached skill level 1 in Summonings
  1626 | D:2      | Reached skill level 1 in Necromancy
  1626 | D:2      | Reached skill level 1 in Translocations
  1626 | D:2      | Reached skill level 1 in Transmutations
  1626 | D:2      | Reached skill level 1 in Fire Magic
  1626 | D:2      | Reached skill level 1 in Ice Magic
  1626 | D:2      | Reached skill level 1 in Air Magic
  1626 | D:2      | Reached skill level 1 in Earth Magic
  1626 | D:2      | Reached skill level 1 in Poison Magic
  2070 | D:3      | Noticed Grinder
  2073 | D:3      | Paralysed by Grinder for 5 turns
  2093 | D:3      | Noticed Ijyb
  2097 | D:3      | Paralysed by Grinder for 5 turns
  2109 | D:3      | Killed Ijyb
  2110 | D:3      | Reached XP level 5. HP: 7/37 MP: 9/18
  2121 | D:3      | HP: 1/55 [Grinder (6)]
  2123 | D:3      | Gained mutation: You passively map a small area around you.
                  | [potion of mutation]
  2127 | D:3      | Killed Grinder
  2128 | D:3      | Reached skill level 5 in Ranged Weapons
  2128 | D:3      | Reached skill level 5 in Evocations
  2128 | D:3      | Reached XP level 6. HP: 14/44 MP: 1/20
  2563 | D:3      | Found a sparkling altar of Nemelex Xobeh.
  2914 | D:4      | Reached XP level 7. HP: 43/50 MP: 17/22
  3402 | D:5      | Entered Level 5 of the Dungeon
  3778 | D:5      | Found a staircase to the Ecumenical Temple.
  3807 | Temple   | Entered the Ecumenical Temple
  3873 | Temple   | Became a worshipper of Vehumet
  3973 | D:5      | Found Vahaal's Weapon Shoppe.
  4059 | D:5      | Reached XP level 8. HP: 39/58 MP: 23/23
  4123 | D:5      | Found a glowing golden altar of the Shining One.
  4133 | D:5      | Found an opulent altar of Gozag.
  4134 | D:5      | Found a shadowy altar of Dithmenos.
  4136 | D:5      | Found a blossoming altar of Fedhas.
  4654 | D:6      | Identified the +5 halberd of Wondrous Power {antimagic,
                  | rC+}
  4694 | D:6      | Learned a level 3 spell: Tukima's Dance
  4894 | D:6      | Slain by an iguana

Illustrated notes

Levels and vault maps discovered:
D:1:      tarquinn_simple_flora_water_b, layout_basic, serial_shops, shop,
          shapermc_ecumenical_altar_flowoftime
D:2:      layout_loops_corners, serial_shops, shop, kennysheep_minor_cross,
          uniq_jessica
D:3:      layout_loops_ring, nemelex_xobeh_ov_fountains_minmay, uniq_grinder,
          uniq_ijyb
D:4:      layout_basic, kennysheep_generic_room_8
D:5:      layout_gridville, grunt_temple_overflow_open,
          minmay_temple_entry_wispy, nicolae_take_the_stairs,
          minmay_mini_ossuary
D:6:      minmay_inner_zag, layout_loops_ring, serial_bayou_pond_d
Temple:   nicolae_temple_x_marks_the_god

Skill      XL: |  1  2  3  4  5  6  7  8 |
---------------+-------------------------+-----
Spellcasting   | | 11.9
Fighting       | 1 2 3 |  3.6
Short Blades   | 1 2 3 |  3.6
Long Blades    | 1 2 3 |  3.6
Axes           | 1 2 3 |  3.6
Maces & Flails | 1 2 3 |  3.6
Polearms       | 1 2 3 |  3.6
Staves         | 1 2 3 |  3.6
Throwing       | 1 2 3 |  3.6
Armour         | 1 2 3 |  3.6
Dodging        | 1 2 3 |  3.6
Stealth        | 1 2 3 |  3.6
Shields        | 1 2 3 |  3.6
Unarmed Combat | 1 2 3 |  3.6
Invocations    | 1 2 3 4 |  4.0
Conjurations   | 1 2 3 |  3.0
Hexes          | 1 2 3 |  3.0
Summonings     | 1 2 3 |  3.0
Necromancy     | 1 2 3 |  3.0
Translocations | 1 2 3 |  3.0
Transmutations | 1 2 3 |  3.0
Fire Magic     | 1 2 3 |  3.0
Ice Magic      | 1 2 3 |  3.0
Air Magic      | 1 2 3 |  3.0
Earth Magic    | 1 2 3 |  3.0
Poison Magic   | 1 2 3 |  3.0
Ranged Weapons | 5 |  5.9
Evocations     | 5 |  5.9

Action                     |  1- 3 |  4- 6 |  7- 9 || total
---------------------------+-------+-------+-------++-------
  Melee: Long sword        |       |    13 |       ||    13
         War axe           |       |       |     1 ||     1
   Fire: Sling             |    59 |    25 |       ||    84
         Shortbow          |       |    23 |    27 ||    50
         Arbalest          |       |       |    73 ||    73
   Cast: Freeze            |    24 |    30 |    35 ||    89
         Shock             |       |     7 |    10 ||    17
         Static Discharge  |       |     2 |    16 ||    18
  Evoke: Wand              |     1 |       |       ||     1
    Use: Potion            |       |     6 |       ||     6
 Armour: Robe              |     5 |       |       ||     5
         Leather armour    |     2 |     8 |    23 ||    33
         Skin              |       |    34 |       ||    34
  Dodge: Dodged            |    16 |    17 |    56 ||    89
  Block: Other             |       |    11 |    31 ||    42
         Reflection        |       |       |     1 ||     1
